 Dungeon Crawl Stone Soup version 0.19-a0-1834-g6b7851e (webtiles) character file.

118 KarmaPolice the Ducker (level 4, -5/35 HPs)
             Began as a Vampire Gladiator on Oct 8, 2016.
             Slain by a gnoll
             ... wielding a +0 spear
              (8 damage)
             ... on level 2 of the Dungeon.
             The game lasted 00:05:16 (2490 turns).

KarmaPolice the Ducker (Vampire Gladiator)          Turns: 2490, Time: 00:05:16

Health: -5/35      AC:  5    Str: 15    XL:     4   Next: 72%
Magic:  4/4        EV: 14    Int: 10    God:
Gold:   61         SH:  0    Dex: 14    Spells: 0 memorised, 3 levels left

rFire  . . .     SeeInvis +     a - +0 long sword
rCold  . . .     Gourm    .     b - +0 leather armour
rNeg   + . .     Faith    .     (no shield)
rPois  .         Spirit   .     c - +0 helmet
rElec  .         Dismiss  .     (no cloak)
rCorr  .         Reflect  .     o - +0 pair of gloves
MR     .....     Harm     .     (no boots)
Stlth  +.........               (no amulet)
                                (no ring)
                                (no ring)

@: no status effects
A: fangs 3, see invisible, unbreathing
a: Bat Form


You were on level 2 of the Dungeon.
You were not thirsty.

You visited 1 branch of the dungeon, and saw 2 of its levels.

You collected 61 gold pieces.

Inventory:

Hand Weapons
 a - a +0 long sword (weapon)
Missiles
 d - 3 throwing nets (quivered)
Armour
 b - a +0 leather armour (worn)
 c - a +0 helmet (worn)
 o - a +0 pair of gloves (worn)
Jewellery
 m - a cursed amulet of inaccuracy {unknown}
Scrolls
 f - 3 scrolls of identify {unknown}
 i - a scroll of noise {unknown}
 j - 3 scrolls of teleportation {unknown}
 l - a scroll of immolation {unknown}
 p - a scroll of enchant armour {unknown}
Potions
 e - 18 potions of blood
 g - a potion of degeneration {unknown}
 h - 2 potions of might {unknown}
 k - 2 potions of curing {unknown}
 n - a potion of flight {unknown}


   Skills:
 + Level 3.1 Fighting
 + Level 3.8 Long Blades
 - Level 1.5 Throwing
 + Level 4.3 Dodging


You had 3 spell levels left.
You didn't know any spells.

Dungeon Overview and Level Annotations

Branches:
Dungeon (2/15)

Altars:


Innate Abilities, Weirdness & Mutations

You have razor-sharp teeth.
You have supernaturally acute eyesight. (SInv)
You can survive without breathing.


Message History

You hit the gnoll.
The gnoll is heavily wounded.
The gnoll barely misses you.
You closely miss the gnoll.
The gnoll is heavily wounded.
The gnoll hits you with a spear.
You hit the gnoll.
The gnoll is heavily wounded.
The gnoll closely misses you.
You hit the gnoll but do no damage.
The gnoll is heavily wounded.
The gnoll hits you but does no damage. The gnoll completely misses you.
You closely miss the gnoll.
The gnoll is heavily wounded.
The gnoll hits you with a spear!
* * * LOW HITPOINT WARNING * * *
You barely miss the gnoll.
The gnoll is heavily wounded.
The gnoll hits you with a spear!
You die...

# ##.###...#####.####.....# #
###...###.## #......##### #
##.###.##.# #####..# # #.##
##.#.#### #..# # .## ##...).#
#..# # .# #..###.# #..# # .##
##.### #.#####..########### ..##
##..##.##.##...[..).........
...#
#...#.#.#..@.....########.##
#g#...#.#.#.#.###g##..# #.#
#.#####.##...#.g.....<# #.#
#.####.........##.###.########.#
#..............##.# #..........#
######........###.# #########..#
#######.##........# #..#
............####### #..##
#####.#####.# ######...#


You could see a gnoll.

Vanquished Creatures
  3 gnolls (D:2)
  3 adders (D:2)
  A worm (D:2)
  2 dart slugs (D:2)
  A leopard gecko (D:1)
  2 ball pythons (D:2)
  4 giant cockroaches (D:1)
  7 goblins
  5 hobgoblins
  3 jackals (D:2)
  8 kobolds
  4 bats
  7 frilled lizards (D:1)
  5 rats
55 creatures vanquished.

Notes
Turn   | Place    | Note
-------+----------+-------------------------------------------
     0 | D:1      | KarmaPolice the Vampire Gladiator began the quest for the Orb.
     0 | D:1      | Reached XP level 1. HP: 16/16 MP: 1/1
   116 | D:1      | Reached XP level 2. HP: 20/22 MP: 2/2
   766 | D:1      | Reached XP level 3. HP: 20/28 MP: 3/3
  1941 | D:2      | Reached skill level 4 in Dodging
  2055 | D:2      | Reached XP level 4. HP: 28/34 MP: 4/4
  2490 | D:2      | Slain by a gnoll

Vault maps used:
D:1:      onia_arrival_larder, minmay_cupped
D:2:      supply_closet_lemuel

Skill      XL: |  1  2  3  4 |
---------------+-------------+-----
Fighting       | 2 3 |  3.1
Dodging        | 4 |  4.3
Long Blades    | |  3.8
Throwing       | |  1.5

Action                   |  1- 3 |  4- 6 || total
-------------------------+-------+-------++-------
Melee: Long sword        |    94 |    51 ||   145
       Bite              |     6 |     7 ||    13
  Use: Potion            |       |     2 ||     2
 Stab: Sleeping          |     2 |     1 ||     3
  Eat: Corpse            |     1 |       ||     1
Armor: Leather armour    |    15 |    12 ||    27
Dodge: Dodged            |    74 |    37 ||   111
       Rpst.: Long sword |    25 |    10 ||    35
